 Dungeon Crawl Stone Soup version 0.24-a0-333-g864f2b5 (webtiles) character file.

Game seed: 3934112852398550928

7 MatthieuS the Charmwright (level 2, -4/23 HPs)
             Began as a Merfolk Skald on May 17, 2019.
             Slain by a gnoll
             ... wielding a +0 flail
              (9 damage)
             ... on level 1 of the Dungeon.
             The game lasted 00:00:34 (147 turns).

MatthieuS the Charmwright (Merfolk Skald)            Turns: 147, Time: 00:00:34

Health: -4/23      AC:  3    Str: 11    XL:     2   Next: 0%
Magic:  1/5        EV: 12    Int: 12    God:
Gold:   17         SH:  0    Dex: 13    Spells: 4/5 levels left

rFire    . . .     SeeInvis .   a - +0 spear
rCold    . . .     Gourm    .   (no shield)
rNeg     . . .     Faith    .   b - +0 leather armour
rPois    .         Spirit   .   (no helmet)
rElec    .         Reflect  .   (no cloak)
rCorr    .         Harm     .   (no gloves)
MR       .....                  (no boots)
Stlth    +.........             (no amulet)
HPRegen  0.07/turn              (no ring)
MPRegen  0.09/turn              (no ring)

@: infused
A: change form in water, swift swim, stealthy swim
a: no special abilities


You were on level 1 of the Dungeon.
You were not hungry.

You visited 1 branch of the dungeon, and saw 1 of its levels.

You collected 17 gold pieces.

Inventory:

Hand Weapons
 a - a +0 spear (weapon)
Armour
 b - a +0 leather armour (worn)
Potions
 c - a potion of heal wounds {unknown}
Comestibles
 e - a ration


   Skills:
 + Level 2.3 Fighting
 + Level 3.2 Polearms
 - Level 0.6 Armour
 + Level 2.9 Dodging
 + Level 2.1 Spellcasting
 + Level 3.4 Charms


You had 4 spell levels left.
You knew the following spells:

 Your Spells              Type           Power        Failure   Level  Hunger
a - Infusion              Chrm           #...         9%          1    ##.....

Your spell library contained the following spells:

 Spells                   Type           Power        Failure   Level  Hunger
 Song of Slaying          Chrm           #.......     13%         2    ###....
 Shroud of Golubria       Chrm/Tloc      #.........   26%         2    ###....
 Regeneration             Chrm/Necr      #.........   47%         3    ####...
 Spectral Weapon          Hex/Chrm       #.......     47%         3    ####...


Dungeon Overview and Level Annotations

Branches:
Dungeon (1/15)

Altars:


Message History

A jackal comes into view.
The jackal barks!
A jackal comes into view. x2
You see here a dark potion.
c - a dark potion The jackal closely misses you.
The jackal bites you but does no damage.
Attack whom?
Aim: a jackal You reach to attack!
You hit the jackal but do no damage. You hit the jackal.
The jackal barely misses you.
The jackal bites you but does no damage.
You hit the jackal but do no damage.
The jackal bites you but does no damage.
You hit the jackal but do no damage. The jackal barely misses you.
You hit the jackal.
You kill the jackal!
You hit the jackal. The jackal closely misses you.
You barely miss the jackal. The jackal barely misses you. The jackal bites you.
You begin infusing your attacks with magical energy.
The jackal bites you. The jackal barely misses you.
You hit the jackal.
You kill the jackal!
You hit the jackal. The jackal barely misses you.
You closely miss the jackal. The jackal closely misses you.
The jackal bites you.
You closely miss the jackal. The jackal barely misses you.
You hit the jackal.
The jackal bites you but does no damage.
You closely miss the jackal. The jackal closely misses you.
The jackal barely misses you.
You closely miss the jackal. The jackal bites you.
You hit the jackal.
You kill the jackal!
You have reached level 2!
Attack whom?
Aim: a gnoll, wielding a +0 flail You reach to attack!
You closely miss the gnoll. The gnoll hits you with a +0 flail!
* * * LOW HITPOINT WARNING * * *
You hit the gnoll.
Your magical infusion is running out.
You hit the gnoll. The gnoll hits you with a +0 flail.
* * * LOW HITPOINT WARNING * * *
You are no longer magically infusing your attacks.
You see here a +0 club.
You begin infusing your attacks with magical energy.
The gnoll hits you with a +0 flail!
You die...

...#..# ##.#########.....###
#.....# #.# ##'...<...'##
#.....####.# #.##.....##.#
#....##...# ##.##...##.##
#....##.### ##'##.##'##
####....##.# ##.#####(##
...#.......#########...###...##
##.#.............##.....'.....#
#.##..#.#######@###...###...##
#†##..#.# #g####.## ##.##
#.##..#.#######h...### ###
#.##.).........###.#
#.##...######### #
#....>....... #..#.#.#####.
#..#.#.# ......#.#


You could see a gnoll and a jackal.

Vanquished Creatures
  A goblin (D:1)
  A hobgoblin (D:1)
  3 jackals (D:1)
5 creatures vanquished.

Notes
Turn   | Place    | Note
-------+----------+-------------------------------------------
     0 | D:1      | MatthieuS the Merfolk Skald began the quest for the Orb.
     0 | D:1      | Reached XP level 1. HP: 16/16 MP: 3/3
   125 | D:1      | Reached XP level 2. HP: 18/23 MP: 0/5
   147 | D:1      | Slain by a gnoll

Levels and vault maps discovered:
D:1:      dpeg_arrival_rhombi, layout_basic, corexii_corridor_pit

Action                   || total
-------------------------++-------
Melee: Spear             ||    23
 Cast: Infusion          ||     3
Armor: Leather armour    ||     4
Dodge: Dodged            ||    13

Table legend:
 A = Non-vault XP
 B = Vault XP
 C = Vault XP percentage of total XP
 D = Non-vault monster count
 E = Vault monster count
 F = Vault count percentage of total count
                 A         B        C        D         E       F
            +---------+---------+-------+---------+---------+-------
      Total |      10 |       0 |   0.0 |       5 |       0 |   0.0
            +---------+---------+-------+---------+---------+-------
        D:1 |      10 |       0 |   0.0 |       5 |       0 |   0.0
            +---------+---------+-------+---------+---------+-------
